 Dungeon Crawl Stone Soup version 0.31-a0-496-g6f97920a28 (console) character file.

Game seed: 16945995386878393491

3962 petzl the Sneak (level 10, -3/74 HPs)
             Began as a Formicid Delver on Aug 8, 2023.
             Was a Follower of Vehumet.
             Slain by a red ugly thing (17 damage)
             ... on level 12 of the Dungeon.
             The game lasted 00:47:28 (10169 turns).

petzl the Sneak (Formicid Delver)                  Turns: 10169, Time: 00:47:30

Health: -3/74      AC:  5    Str: 17    XL:     10   Next: 45%
Magic:  17/20      EV: 13    Int: 20    God:    Vehumet [*.....]
Gold:   594        SH:  0    Dex: 21    Spells: 10/23 levels left

rFire   . . .        c - +4 quarterstaff (chaos)
rCold   . . .        (no shield)
rNeg    . . .        K - +0 troll leather armour
rPois   .            (helmet unavailable)
rElec   .            y - +0 cloak
rCorr   .            p - +0 pair of gloves
SInv    +            (no boots)
Will    +....        (no amulet)
Stlth   ++++         G - +6 ring of dexterity
HPRegen 1.12/turn    B - +6 ring of intelligence
MPRegen 0.17/turn

%: no passive effects
@: no status effects
A: permanent stasis, dig shafts and tunnels, antennae 3, four strong arms
a: Dig, Shaft Self, Renounce Religion


You were on level 12 of the Dungeon.
You worshipped Vehumet.
Vehumet was aware of your devotion.
You visited 2 branches of the dungeon, and saw 14 of its levels.

You collected 594 gold pieces.

Inventory:

Hand Weapons
 a - the +0 trident of Jaklobis {heavy, rCorr Int+4}
   (You found it on level 4 of the Dungeon)

   Int:       It affects your intelligence (+4).
   rCorr:     It protects you from acid and corrosion.
 b - the +6 sling of Hospitality {freeze, rF- Dex+4}
   (You found it on level 3 of the Dungeon)

   Dex:       It affects your dexterity (+4).
   rF:        It makes you vulnerable to fire.
 c - a +4 quarterstaff of chaos (weapon)
 m - a +0 orcbow
 r - a +0 dagger of venom {!f =f}
 F - a +2 hammer of protection
Missiles
 H - 6 datura-tipped darts
 J - 4 poisoned darts (quivered)
Armour
 p - a +0 pair of gloves (worn)
 y - a +0 cloak (worn)
 K - a +0 troll leather armour (worn)
Magical Staves
 v - a staff of air
Jewellery
 B - a +6 ring of intelligence (right hand)
 G - a +6 ring of dexterity (left hand)
Talismans
 I - a maw talisman
Wands
 f - a wand of digging (6)
 i - a wand of flame (43)
 C - a wand of polymorph (8)
Scrolls
 e - a scroll of fog
 h - a scroll of identify
 k - 2 scrolls of immolation
 s - a scroll of brand weapon
 t - a scroll of poison
 u - a scroll of vulnerability
 A - 2 scrolls of amnesia
Potions
 d - a potion of brilliance {unknown}
 j - a potion of resistance {unknown}
 l - a potion of might
 n - a potion of magic
 o - 3 potions of curing
 q - a potion of heal wounds {unknown}
 w - a potion of attraction {unknown}
 z - a potion of cancellation
 D - 2 potions of lignification {unknown}
 E - 2 potions of mutation {unknown}


   Skills:
 - Level 5.0 Fighting
 - Level 2.0 Maces & Flails
 - Level 5.0 Ranged Weapons
 - Level 3.0 Armour
 - Level 3.0 Dodging
 - Level 7.5 Stealth
 + Level 7.0 Spellcasting
 * Level 5.0 Conjurations
 + Level 4.9 Fire Magic
 * Level 3.5 Ice Magic
 * Level 2.8 Air Magic
 - Level 2.0 Evocations


You had 10 spell levels left.
You knew the following spells:

 Your Spells              Type           Power      Damage    Failure   Level
b - Flame Wave            Conj/Fire      26%        2d8       14%         4
l - Freezing Cloud        Conj/Ice/Air   11%        6-21      54%         5
s - Sticky Flame          Conj/Fire      26%        2d5       14%         4

Your spell library contained the following spells:

 Spells                   Type           Power      Damage    Failure   Level
 Shock                    Conj/Air       88%        1d8       2%          1
 Frozen Ramparts          Ice            42%        1d7       8%          3
 Poisonous Vapours        Pois/Air       24%        N/A       10%         2
 Apportation              Tloc           14%        N/A       11%         1
 Necrotise                Necr           28%        1d5       11%         1
 Summon Small Mammal      Summ           28%        N/A       11%         1
 Inner Flame              Hex/Fire       16%        N/A       12%         3
 Mephitic Cloud           Conj/Pois/Air  17%        N/A       12%         3
 Arcjolt                  Conj/Air       11%        1d21      52%         5
 Petrify                  Tmut/Erth      7%         N/A       73%         4
 Metabolic Englaciation   Hex/Ice        7%         N/A       83%         5
 Maxwell's Capacitive Co  Air            9%         ∞         100%        8
 Vhi's Electric Charge    Tloc/Air       Unusable   N/A       N/A         3

Dungeon Overview and Level Annotations

Branches:
Dungeon (13/15)            Temple (1/1) D:6            Lair (0/5) D:9
    Orc: D:9-12      Vaults: D:13-14

Altars:
Ashenzari
Cheibriados
Dithmenos
Elyvilon
Fedhas
Gozag
Kikubaaqudgha
Makhleb
Nemelex Xobeh
Okawaru
Qazlal
Ru
Sif Muna
Uskayaw
Vehumet
Wu Jian
Xom
Yredelemnul
Zin
The Shining One

Shops:
D:5 **

Annotations:
D:8 exclusion: downstairs
D:9 exclusion: downstairs
D:10 1 exclusion
D:11 exclusions: hornet and two-headed ogre, Snorg
D:12 exclusions: downstairs, ice statue and upstairs


Innate Abilities, Weirdness & Mutations

You cannot be hasted, slowed, berserked, paralysed or teleported.
You can dig through walls and to a lower floor.
You have a pair of large antennae on your head. (SInv)
Your four strong arms can wield two-handed weapons with a shield.


Message History

The sling bullet hits the red ugly thing!
The sling bullet freezes the red ugly thing.
The red ugly thing is severely wounded.
The +6 sling of Hospitality {freeze, rF- Dex+4} stops glowing.
Your +4 quarterstaff of chaos is briefly surrounded by a scintillating aura of random colours.
c - a +4 quarterstaff of chaos (weapon)
The red ugly thing tentacle-slaps you!
You are engulfed in flames!
You hit the red ugly thing.
The red ugly thing suddenly seems more agile.
The red ugly thing is severely wounded.
The red ugly thing barely misses you.
You hit the red ugly thing. You drain the red ugly thing.
The red ugly thing is almost dead.
The red ugly thing tentacle-slaps you.
You are engulfed in flames!!
Okay, then.
Unknown command.
Unknown command.
Okay, then.
Unknown command.
Unknown command.
Okay, then.
Press: ? - help, v - describe, . - travel
Here: a red ugly thing (almost dead, unusually agile, lightly drained)
An open door.
Unknown command.
Unknown command.
Unknown command.
Unknown command.
You hit the red ugly thing but do no damage.
Space warps around the red ugly thing.
The red ugly thing is almost dead.
The red ugly thing barely misses you.
You barely miss the red ugly thing.
The red ugly thing is almost dead.
The red ugly thing tentacle-slaps you.
You are engulfed in flames!
* * * LOW HITPOINT WARNING * * *
The red ugly thing tentacle-slaps you.
* * * LOW HITPOINT WARNING * * *
You are engulfed in flames!
You die...

#........#........#......#.
#.......##........######.'.
##'#######........# ###. #.#
#........# #. #.# #######+##*
## #.# *,,,* #.# *******,***
#.# *,,,.,,,,,* #### ##'###
*,.....Y,{* #... #....#
**#H......{,* #...
#...^#####.........Y,* #...
#....##....#,,,,...Y.* #...
#.†..+..####,,,,,,.{Y###...
#....#### *,,,,,,,,{..#...
#....# *,,,>,,,,,#.#... #....#
*,,,,,,,,{#.+... ###+##
***,******###... #.## *,* ####
#.@# *,* # **##u#* *,* ###
*,,...* *,* #.. *,....# *,* #..
*.....# *,* #..
#...###*********#########..
#.○.*,,,,,,,,,,,#.....<....
#...*,,,,,,,,,,,##.######..
*,,,*,,,,,,,,,,,#.## #..
*,,,*,,,,,,,,,,,#.# #..
*,,,******,,,,,,#.# #..
*,,,,,,,_*,,,,,,#.## ###
*****+,******,,,,,,#..# #
*,,,,,**,,,,,,,,,,,##'## #
**,******,,,,,,,,,,,#...#######
*,,,,,,,*,,,,,,,,,,,#...+.....#
*,,,,,,,*,,,,,,,,,,,#...#####['
*,,,,,,,*******######...# ###
*,,,,,,,,,,,,* #........# #


You could see a red ugly thing (agile, drained).

Vanquished Creatures
  A boulder beetle (D:11)
  A troll (D:11)
  A hornet (D:11)
  A slime creature (D:12)
  2 shadows
  A yak (D:12)
  A sky beast (D:4)
  An ogre (D:5)
  A black bear (D:9)
  2 ice beasts
  2 centaurs
  A bullfrog (D:7)
  A kobold brigand (D:11)
  A gnoll sergeant (D:5)
  3 scorpions
  3 wights (D:8)
  A killer bee (D:9)
  3 howler monkeys
  2 hounds
  Crazy Yiuf (D:6)
  An orc priest (D:3)
  9 iguanas
  A gnoll bouda (D:6)
  2 sleepcaps
  Jessica (D:3)
  Natasha (thrice) (D:3)
  6 orc wizards
  Robin (D:3)
  8 adders
  13 gnolls
  2 shadow imps
  2 white imps
  2 ufetubi
  2 worms
  2 dart slugs
  19 orcs
  3 ball pythons
  4 endoplasms
  4 giant cockroaches
  10 goblins
  4 hobgoblins
  16 jackals
  5 kobolds
  3 quokkas
  3 bats
  2 frilled lizards
  5 rats
163 creatures vanquished.

Vanquished Creatures (others)
  An orc wizard (D:6)
1 creature vanquished.

Grand Total: 164 creatures vanquished

Notes
Turn   | Place    | Note
-------+----------+-------------------------------------------
     0 | D:5      | petzl the Formicid Delver began the quest for the Orb.
     0 | D:5      | Reached XP level 1. HP: 18/18 MP: 1/1
   140 | D:4      | Noticed an iguana
   151 | D:4      | Noticed a sky beast
   156 | D:4      | Identified the +0 trident of Jaklobis {heavy, rCorr Int+4}
   184 | D:3      | Identified the +6 sling of Hospitality {freeze, rF- Dex+4}
   267 | D:3      | Reached skill level 1 in Spellcasting
   316 | D:2      | Reached XP level 2. HP: 24/24 MP: 3/3
   364 | D:2      | Reached skill level 1 in Ranged Weapons
   594 | D:1      | Found a faded altar of an unknown god.
   730 | D:1      | Reached XP level 3. HP: 29/29 MP: 5/5
  2124 | D:3      | Reached XP level 4. HP: 35/35 MP: 7/7
  2206 | D:3      | Noticed Natasha
  2208 | D:3      | Killed Natasha
  2359 | D:3      | Noticed Natasha
  2363 | D:3      | Killed Natasha
  2364 | D:3      | Reached XP level 5. HP: 41/41 MP: 9/9
  2382 | D:3      | Noticed Jessica
  2386 | D:3      | Killed Jessica
  2607 | D:3      | Noticed Natasha
  2612 | D:3      | Killed Natasha
  2613 | D:3      | Reached XP level 6. HP: 43/47 MP: 11/11
  2677 | D:3      | Noticed Robin
  2681 | D:3      | Killed Robin
  2848 | D:3      | Found a glowing golden altar of the Shining One.
  3706 | D:4      | Killed a sky beast
  3707 | D:4      | Reached skill level 1 in Armour
  3707 | D:4      | Reached skill level 1 in Evocations
  3707 | D:4      | Reached XP level 7. HP: 39/52 MP: 13/13
  3966 | D:5      | Found an ornate altar of the Wu Jian Council.
  4019 | D:5      | Found Zin's Purification Station.
  4028 | D:5      | Found a glowing silver altar of Zin.
  4180 | D:5      | Reached XP level 8. HP: 44/60 MP: 13/15
  4681 | D:5      | Found an ancient bone altar of Kikubaaqudgha.
  4697 | D:5      | Learned a level 4 spell: Sticky Flame
  4702 | D:5      | Learned a level 4 spell: Flame Wave
  4784 | D:5      | Reached skill level 5 in Spellcasting
  4884 | D:6      | Reached skill level 1 in Conjurations
  4884 | D:6      | Reached skill level 1 in Fire Magic
  5034 | D:6      | Found a staircase to the Ecumenical Temple.
  5049 | Temple   | Entered the Ecumenical Temple
  5075 | Temple   | Became a worshipper of Vehumet
  5148 | D:6      | Reached skill level 5 in Ranged Weapons
  5280 | D:6      | Found a snail-covered altar of Cheibriados.
  5374 | D:6      | Found a runed translucent door.
  5375 | D:6      | Noticed Crazy Yiuf
  5554 | D:6      | Reached XP level 9. HP: 48/66 MP: 17/17
  5698 | D:6      | Killed Crazy Yiuf
  5804 | D:7      | Noticed a boulder beetle
  6653 | D:9      | Reached skill level 5 in Fighting
  6656 | D:9      | Found a staircase to the Lair.
  6657 | D:9      | Noticed an elephant
  6933 | D:8      | Found a sacrificial altar of Ru.
  6941 | D:8      | Learned a level 5 spell: Freezing Cloud
  7092 | D:7      | a boulder beetle changed into a faun
  7092 | D:7      | Noticed a faun
  7434 | D:8      | You fall into a shaft and drop 1 floor!
  7658 | D:10     | Entered Level 10 of the Dungeon
  8185 | D:9      | You fall into a shaft and drop 3 floors!
  8377 | D:12     | Noticed an ice statue
  8431 | D:12     | Reached * piety under Vehumet
  8431 | D:12     | Offered knowledge of Shock by Vehumet.
  8436 | D:13     | Noticed a cyclops
  8494 | D:11     | Noticed a two-headed ogre
  8496 | D:11     | Noticed a hornet
  8507 | D:11     | Noticed Snorg
  8517 | D:11     | Noticed a troll
  8574 | D:12     | You fall into a shaft and drop 1 floor!
  8616 | D:13     | Noticed a deep elf pyromancer
  8866 | D:11     | Noticed a skeletal warrior
  8878 | D:11     | Noticed a skeletal warrior
  8975 | D:10     | Noticed a two-headed ogre
  8979 | D:10     | You fall into a shaft and drop 1 floor!
  9125 | D:11     | Killed a hornet
  9126 | D:11     | Reached skill level 1 in Ice Magic
  9225 | D:11     | Reached skill level 1 in Air Magic
  9232 | D:11     | Reached XP level 10. HP: 46/74 MP: 15/19
  9448 | D:11     | Noticed a boulder beetle
  9457 | D:11     | Killed a boulder beetle
  9546 | D:11     | Noticed a skeletal warrior
  9581 | D:10     | You fall into a shaft and drop 2 floors!
  9855 | D:11     | Noticed a skeletal warrior
  9908 | D:12     | Noticed a manticore
 10040 | D:12     | Reached skill level 5 in Conjurations
 10158 | D:12     | Noticed a red ugly thing
 10169 | D:12     | Slain by a red ugly thing

Illustrated notes

Levels and vault maps discovered:
D:1:      tekkud_arrival_beachfront_property, layout_loops_ring,
          basic_ecumenical_altar
D:2:      layout_basic
D:3:      layout_basic, marbit_many_paths, uniq_jessica, uniq_robin,
          uniq_natasha
D:4:      layout_loops_corners, st_stairs_8
D:5:      layout_loops_corners, zin_purify, mainiacjoe_overflow_24_doors,
          overflow_temple_1_default, portal_sewer_entry_d, nicolae_stop_n_shop_2
D:6:      layout_loops_ring, slow_altar_2, minmay_temple_entry_grid,
          uniq_crazy_yiuf_cottage
D:7:      layout_loops_corners
D:8:      layout_loops_cross, hangedman_ru_absence, serial_co_window_serial,
          co_window_cross_1, co_window_cross_1, co_window_paths_a,
          co_window_paths_a, co_window_paths_a, co_window_paths_c,
          co_window_2corner, co_window_cross_2, co_window_of_opportunity_c,
          co_window_cross_3, co_window_paths_e, glass_columns_a,
          glass_columns_a, chequers_arboretum
D:9:      layout_roguey, david_lair_generic, orc_0_dummy
D:10:     layout_long_grid, lightli_temple_of_fire,
          worldfamousw_hep_ancestral_shrine, blue_anna_alchemist, uniq_sonja
D:11:     layout_rooms, uniq_snorg
D:12:     layout_roguey, minivault_16, nicolae_qazlal_eye_of_the_storm
D:13:     layout_rooms, nicolae_shop_i_like_big_books
Temple:   minmay_temple_curvy_branch

Skill      XL: |  1  2  3  4  5  6  7  8  9 10 |
---------------+-------------------------------+-----
Spellcasting   | 1 2 3 4 5 6 7 |  7.0
Ranged Weapons | 1 2 3 4 5 |  5.0
Armour         | 1 2 3 |  3.0
Dodging        | 2 3 |  3.0
Evocations     | 1 2 |  2.0
Fighting       | 4 5 |  5.0
Stealth        | 7 |  7.5
Conjurations   | 1 4 5 |  5.0
Fire Magic     | 1 4 |  4.9
Ice Magic      | 1 3 |  3.5
Air Magic      | 1 2 |  2.8
Maces & Flails | |  2.0

Action                     |  1- 3 |  4- 6 |  7- 9 | 10-12 || total
---------------------------+-------+-------+-------+-------++-------
  Melee: Trident           |    12 |    12 |    39 |     8 ||    71
         Dagger            |       |     4 |     8 |     3 ||    15
         Sling             |       |       |     2 |       ||     2
         Quarterstaff      |       |       |    23 |     8 ||    31
         Punch             |       |       |       |     2 ||     2
   Fire: Sling             |    42 |    92 |   231 |    31 ||   396
  Throw: Dart              |       |       |     5 |       ||     5
   Cast: Sticky Flame      |       |       |     2 |     1 ||     3
         Flame Wave        |       |       |     2 |       ||     2
         Freezing Cloud    |       |       |       |     1 ||     1
Ability: Shaft Self        |       |       |     4 |     1 ||     5
         Dig               |       |       |     3 |     1 ||     4
  Evoke: Wand              |       |       |     6 |     1 ||     7
    Use: Scroll            |     1 |     3 |    11 |     1 ||    16
         Potion            |       |       |     3 |       ||     3
   Stab: Sleeping          |       |       |     1 |       ||     1
 Armour: Leather armour    |    11 |    12 |    34 |     1 ||    58
  Dodge: Dodged            |    16 |    22 |   106 |    15 ||   159

Table legend: (Time is in decaauts)
 A = Elapsed time spent in this place.
 B = Non-inter-level travel time spent in this place.
 C = Inter-level travel time spent in this place.
 D = Time resting spent in this place.
 E = Time spent auto-exploring this place.
 F = Levels seen in this place.
 G = Mean time per level.
                   A        B        C        D        E       F      G
               +--------+--------+--------+--------+--------+-----+--------+
         Total |  10305 |   9714 |    591 |   1694 |   4718 |  14 |  736.1 |
       Dungeon |  10254 |   9713 |    541 |   1694 |   4718 |  13 |  788.8 |
        Temple |     51 |      1 |     50 |      0 |      0 |   1 |   51.0 |
               +--------+--------+--------+--------+--------+-----+--------+

Top non-repeatable levels by time:
     D:7: 1202 daAuts
    D:12: 1099 daAuts
     D:2: 1099 daAuts
     D:5: 1065 daAuts
     D:4: 1020 daAuts
     D:3: 990 daAuts
     D:6: 958 daAuts
     D:9: 849 daAuts
    D:11: 826 daAuts
     D:1: 699 daAuts
     D:8: 373 daAuts
  Temple: 51 daAuts
    D:13: 48 daAuts
    D:10: 20 daAuts
